AoeStats
← | CZK | JasuStrychar27

Arabia

504690181Analyzed
1v1 RM · 28d ago on Sep 6, 2026· 21m 46s· 2 players
Game mode
Random Map
Map size
Tiny (2 player)
Population
200
Speed
Normal
Resources
Standard
Victory
Conquest
Starting age
Dark Age
Ending age
Imperial Age
RankedLock teamsTeams togetherTeam positionsShared explorationLock speedFull tech treeHidden civsTurbo modeCheats
Victory
Defeat
🇦🇺 Armenians · Australia
1043
+15
🇦🇷 Armenians · Argentina
1028
-15
| CZK | JasuStrychar27
6:41 Loom
7:17 Loom
9:37 Feudal Age
9:39 Man-at-Arms
14:08 Long Swordsman
18:20 Double-Bit Axe
18:29 Gold Mining
Olthos
8:00 Loom
9:58 Feudal Age
11:04 Man-at-Arms
13:17 Double-Bit Axe
14:29 Forging
14:17 Long Swordsman
16:53 Scale Mail Armor
18:18 Forging
20:29 Horse Collar
20:51 Arson
Connection lost

Rejoining the realm…

Still unreachable

The connection could not be restored.

Session expired

The server has moved on; the page needs a fresh start.